[Event "Titled Tuesday Blitz October 31 Early 2023"]
[White "Slade, Theodore"]
[Black "Buscar, Michael"]
[WhiteFideId "426547"]
[BlackFideId "2603616"]
[WhiteElo "2512"]
[BlackElo "2336"]
[Result "1-0"]
[Round "3"]
[TimeControl "180+1"]
[Date "2023.10.31"]
[WhiteClock "0:01:07"]
[BlackClock "0:00:59"]
[Board "145"]

1. d4 Nf6 2. c4 e6 3. g3 d5 4. Bg2 c5 5. cxd5 exd5 6. Nf3 Nc6 7. O-O Be7 8. dxc5 Bxc5 9. a3 O-O 10. b4 Be7 11. Nc3 Be6 12. Bb2 Ne4 13. Nd4 Nxd4 14. Qxd4 Bf6 15. Qd3 Rc8 16. Rac1 Bf5 17. Nxd5 Bxb2 18. Rxc8 Qxc8 19. Ne7+ Kh8 20. Nxc8 1-0


[Site "https://www.chess.com"]

[Event "Titled Tuesday Blitz October 31 Early 2023"]
[White "Goltseva, Ekaterina"]
[Black "Matthes, Aaron"]
[WhiteFideId "24173770"]
[BlackFideId "16227310"]
[WhiteElo "2508"]
[BlackElo "2313"]
[Result "1-0"]
[Round "3"]
[TimeControl "180+1"]
[Date "2023.10.31"]
[WhiteClock "0:01:14"]
[BlackClock "0:00:33"]
[Board "146"]

1. g3 d5 2. Bg2 g6 3. b3 Bg7 4. Nc3 c6 5. Bb2 e5 6. e3 Nf6 7. Nge2 O-O 8. d4 e4 9. Qd2 Bg4 10. h3 Bxe2 11. Nxe2 a5 12. O-O a4 13. c4 Nbd7 14. Ba3 Re8 15. Nc3 Nb6 16. Qe2 Qd7 17. c5 axb3 18. axb3 Nc8 19. b4 b5 20. Bb2 Ne7 21. Qc2 Qb7 22. Rfb1 Nh5 23. Qd1 f5 24. Rxa8 Rxa8 25. Ra1 Ra6 26. Bf1 Qa7 27. Rxa6 Qxa6 28. Qa1 Qxa1 29. Bxa1 Nf6 30. Nxb5 cxb5 31. Bxb5 Kf7 32. Ba4 Ne8 33. b5 Nc7 34. Bc3 Ke6 35. Ba5 Ne8 36. b6 Nd6 37. cxd6 Kxd6 38. b7 1-0


[Site "https://www.chess.com"]

[Event "Titled Tuesday Blitz October 31 Early 2023"]
[White "Ronka, Erik"]
[Black "Fominykh, Maria"]
[WhiteFideId "505080"]
[BlackFideId "4142411"]
[WhiteElo "2506"]
[BlackElo "2275"]
[Result "1-0"]
[Round "3"]
[TimeControl "180+1"]
[Date "2023.10.31"]
[WhiteClock "0:00:02"]
[BlackClock "0:00:00"]
[Board "147"]

1. e4 d6 2. d4 Nf6 3. Nc3 e5 4. Nge2 Be7 5. f3 c6 6. Be3 b5 7. a3 a6 8. Qd2 Nbd7 9. g4 Qc7 10. h4 h5 11. g5 Nh7 12. Ng3 g6 13. O-O-O Nb6 14. f4 Bg4 15. Re1 O-O-O 16. f5 c5 17. d5 Rd7 18. Kb1 Nc4 19. Bxc4 bxc4 20. Ka2 Qb6 21. Rb1 Rb7 22. b3 cxb3+ 23. Rxb3 Qc7 24. Rxb7 Kxb7 25. Rb1+ Ka7 26. Na4 Rb8 27. Rxb8 Kxb8 28. Nb2 Nf8 29. Nc4 Nd7 30. Qc3 Ka7 31. Na5 Nb8 32. Nc4 Nd7 33. Qb3 Bf3 34. Qa4 Bd1 35. Na5 Nb8 36. Kb2 Qb6+ 37. Kc1 Bf3 38. Qe8 Qxa5 39. Qxe7+ Ka8 40. Kb2 Qb5+ 41. Ka1 1-0


[Site "https://www.chess.com"]

[Event "Titled Tuesday Blitz October 31 Early 2023"]
[White "Vifleemskaia, Svetlana"]
[Black "HeroRubiksCube"]
[WhiteFideId "4129490"]
[WhiteElo "2274"]
[BlackElo "2506"]
[Result "0-1"]
[Round "3"]
[TimeControl "180+1"]
[Date "2023.10.31"]
[WhiteClock "0:00:00"]
[BlackClock "0:00:05"]
[Board "148"]

1. d4 Nf6 2. c4 c5 3. d5 b5 4. Qc2 bxc4 5. e4 d6 6. Bxc4 g6 7. b3 Bg7 8. Bb2 O-O 9. Nd2 a5 10. Ngf3 Nbd7 11. h3 Nb6 12. O-O a4 13. Bc3 Bb7 14. Rfe1 Nfd7 15. Bxg7 Kxg7 16. Qc3+ Kg8 17. Bb5 Qc7 18. Nc4 Nxc4 19. bxc4 f6 20. a3 Rfd8 21. Rac1 Nf8 22. Rb1 Rdb8 23. Rb2 Bc8 24. Reb1 Kg7 25. Bc6 Rxb2 26. Qxb2 Ra7 27. Qb6 Qxb6 28. Rxb6 Bd7 29. Kf1 Kf7 30. Ke2 Rc7 31. Bb5 Bxb5 32. Rxb5 Ra7 33. Ne1 Nd7 34. f4 f5 35. Ke3 Nf6 36. e5 Ne4 37. Nd3 Nc3 38. Rb6 h6 39. exd6 exd6 40. Rxd6 Nb1 41. Nxc5 Nxa3 42. Kd4 Nc2+ 43. Kc3 Ne3 44. Rd7+ Rxd7 45. Nxd7 Nxg2 46. Ne5+ Kf6 47. d6 Nxf4 48. Kd4 a3 49. d7 Ne6+ 50. Kc3 Kxe5 0-1


[Site "https://www.chess.com"]

[Event "Titled Tuesday Blitz October 31 Early 2023"]
[White "Panda Sambit"]
[Black "Topalov, Aleksandar"]
[WhiteFideId "25091794"]
[BlackFideId "925659"]
[WhiteElo "2498"]
[BlackElo "2233"]
[Result "0-1"]
[Round "3"]
[TimeControl "180+1"]
[Date "2023.10.31"]
[WhiteClock "0:01:54"]
[BlackClock "0:02:29"]
[Board "149"]

1. d4 Nf6 2. Nf3 g6 3. c4 Bg7 4. Nc3 c5 5. d5 d6 6. e4 O-O 7. Be2 e6 8. O-O Re8 9. h3 exd5 10. exd5 Nfd7 11. Bf4 Ne5 12. Nxe5 Bxe5 13. Bxe5 Rxe5 14. Qd2 f5 15. Rfe1 Nd7 16. f4 Re8 17. Bd3 Rxe1+ 18. Qxe1 Nf6 19. Qh4 Bd7 20. Re1 Qf8 21. a3 Re8 22. Rxe8 Bxe8 23. b4 b6 24. b5 Qe7 25. Kh2 Ng4+ 26. Kg3 Qe3# 0-1


[Site "https://www.chess.com"]

[Event "Titled Tuesday Blitz October 31 Early 2023"]
[White "Shapiro, Viktor"]
[Black "Kuchava, Ana"]
[WhiteFideId "4175700"]
[BlackFideId "13605348"]
[WhiteElo "2489"]
[BlackElo "2240"]
[Result "1-0"]
[Round "3"]
[TimeControl "180+1"]
[Date "2023.10.31"]
[WhiteClock "0:01:17"]
[BlackClock "0:00:55"]
[Board "150"]

1. Nf3 d5 2. c4 e6 3. d4 Nf6 4. Nc3 Be7 5. Bg5 O-O 6. e3 h6 7. Bxf6 Bxf6 8. g4 g6 9. h4 Bg7 10. h5 g5 11. Qc2 a6 12. O-O-O dxc4 13. Bxc4 b5 14. Bd3 Nc6 15. Bh7+ Kh8 16. Be4 Bb7 17. Ne5 Nb4 18. Qb1 Bxe4 19. Qxe4 Rc8 20. f4 Qe7 21. f5 exf5 22. Ng6+ fxg6 23. Qxe7 1-0


[Site "https://www.chess.com"]

[Event "Titled Tuesday Blitz October 31 Early 2023"]
[White "Joshi, Pankaj"]
[Black "Korsunsky, Yuri"]
[WhiteFideId "5006210"]
[BlackFideId "14102722"]
[WhiteElo "2184"]
[BlackElo "2441"]
[Result "0-1"]
[Round "3"]
[TimeControl "180+1"]
[Date "2023.10.31"]
[WhiteClock "0:00:15"]
[BlackClock "0:00:04"]
[Board "152"]

1. e4 d6 2. d4 Nf6 3. Nc3 g6 4. g3 Bg7 5. Bg2 O-O 6. Nge2 e5 7. O-O b6 8. dxe5 dxe5 9. Qxd8 Rxd8 10. Bg5 c6 11. f4 Re8 12. Rad1 h6 13. Bxf6 Bxf6 14. Rd3 Nd7 15. Rd6 Be7 16. Rxc6 Bc5+ 17. Kh1 Nb8 18. Rc7 Na6 19. Nd5 Nxc7 20. Nxc7 Bg4 21. Nxe8 Bxe2 22. Re1 Bc4 23. Nc7 Rc8 24. Nd5 Bxa2 25. b3 Bf8 26. Ne3 Bc5 27. Nc4 Bd4 28. Bh3 Rc7 29. Re2 b5 30. Nxe5 Bxe5 31. fxe5 Bb1 32. e6 Kf8 33. Rf2 Bxc2 34. exf7 Bxb3 35. e5 Rc1+ 36. Kg2 Rc2 37. Rxc2 Bxc2 38. e6 Bb3 39. Kf2 a5 40. Ke3 a4 41. Kd4 a3 42. Kc3 Bd5 43. Bg4 b4+ 44. Kc2 b3+ 45. Kc3 b2 46. Kc2 Be4+ 47. Kc3 b1=Q 48. e7+ Kxe7 49. f8=Q+ Kxf8 50. Kd4 Qd3+ 51. Ke5 Qd5+ 52. Kf4 g5+ 53. Ke3 Qd3+ 54. Kf2 Bf5 55. Be2 Qd2 56. Kf3 Bg4+ 57. Kxg4 Qxe2+ 58. Kf5 a2 59. h4 a1=Q 60. hxg5 Qaf1+ 61. Kg6 Qe6+ 62. Kh5 Qfh3# 0-1


[Site "https://www.chess.com"]

[Event "Titled Tuesday Blitz October 31 Early 2023"]
[White "Perez Cruz, Adianet"]
[Black "Miszler, Levente"]
[WhiteFideId "3510115"]
[BlackFideId "763276"]
[WhiteElo "1943"]
[BlackElo "2419"]
[Result "0-1"]
[Round "3"]
[TimeControl "180+1"]
[Date "2023.10.31"]
[WhiteClock "0:01:36"]
[BlackClock "0:01:31"]
[Board "153"]

1. d4 Nf6 2. Bg5 c5 3. Bxf6 gxf6 4. d5 f5 5. c4 Bg7 6. Nc3 d6 7. e3 e5 8. g3 O-O 9. Bg2 Nd7 10. Nf3 Nf6 11. h4 Ng4 12. a4 e4 13. Ng5 Ne5 14. O-O Nxc4 15. Qc2 Ne5 16. a5 Rb8 17. Nb5 a6 18. Nc3 b5 19. axb6 Qxb6 20. Rfb1 Qb3 21. Qxb3 Rxb3 22. Bf1 h6 23. Nh3 Nf3+ 24. Kg2 Nd2 25. Rd1 Rxb2 26. Bxa6 Bxa6 27. Rxa6 Bxc3 28. Nf4 Be5 29. Nh5 Nc4 30. Kf1 Rfb8 0-1


[Site "https://www.chess.com"]

[Event "Titled Tuesday Blitz October 31 Early 2023"]
[White "gpsji27"]
[Black "Baskakov, Egor"]
[BlackFideId "24197866"]
[WhiteElo "2286"]
[BlackElo "2916"]
[Result "0-1"]
[Round "3"]
[TimeControl "180+1"]
[Date "2023.10.31"]
[WhiteClock "0:01:00"]
[BlackClock "0:00:57"]
[Board "154"]

1. d4 Nf6 2. Nf3 e6 3. Bg5 d5 4. e3 Be7 5. Nbd2 Ne4 6. Bxe7 Qxe7 7. Nxe4 dxe4 8. Nd2 f5 9. f3 exf3 10. Qxf3 Nd7 11. Bc4 Nf6 12. Bb3 e5 13. O-O-O e4 14. Qg3 Be6 15. Bxe6 Qxe6 16. Nb3 O-O-O 17. Kb1 g6 18. Nc5 Qc6 19. h3 b6 20. Nb3 a5 21. Qf2 a4 22. Nd2 Nd5 23. a3 f4 24. Nxe4 Nxe3 25. Qxf4 Qxc2+ 26. Ka1 Nxd1 27. Qg4+ Kb8 28. Rxd1 h5 29. Qf3 Rhf8 30. Qd3 Qxd3 31. Rxd3 Rf4 32. Ng5 Rdxd4 33. Re3 Rf1+ 34. Ka2 Rdd1 0-1


[Site "https://www.chess.com"]

[Event "Titled Tuesday Blitz October 31 Early 2023"]
[White "Dragun, Kamil"]
[Black "Skuhala, Barbara"]
[WhiteFideId "1134167"]
[BlackFideId "14605465"]
[WhiteElo "2831"]
[BlackElo "2284"]
[Result "1-0"]
[Round "3"]
[TimeControl "180+1"]
[Date "2023.10.31"]
[WhiteClock "0:00:12"]
[BlackClock "0:00:00"]
[Board "155"]

1. d4 Nf6 2. c4 e6 3. Nf3 b6 4. g3 Ba6 5. b3 Bb4+ 6. Bd2 Be7 7. Bg2 Bb7 8. O-O O-O 9. Nc3 c5 10. d5 exd5 11. Nh4 d6 12. Nf5 Nbd7 13. Nxe7+ Qxe7 14. cxd5 a6 15. a4 Ne5 16. h3 Rfe8 17. Qc2 Ng6 18. e4 b5 19. axb5 axb5 20. Rxa8 Bxa8 21. Nxb5 Nxe4 22. Re1 Qd7 23. Rxe4 Qxb5 24. Rxe8+ Qxe8 25. h4 Ne7 26. Qc4 h6 27. Bf4 Qb8 28. Qa6 Nc8 29. h5 Kf8 30. Be4 Ke7 31. Qa1 Kf8 32. Qa5 Ke7 33. Qxc5 Bb7 34. Qd4 Kf8 35. b4 Qc7 36. Kg2 Ne7 37. b5 Qb8 38. Qb6 Nc8 39. Qe3 Qc7 40. g4 Qc4 41. Bf3 Ne7 42. Bxd6 1-0


[Site "https://www.chess.com"]

[Event "Titled Tuesday Blitz October 31 Early 2023"]
[White "Goh, Zi Han"]
[Black "Weetik, Vjacheslav"]
[WhiteFideId "5819156"]
[BlackFideId "4153472"]
[WhiteElo "2282"]
[BlackElo "2736"]
[Result "0-1"]
[Round "3"]
[TimeControl "180+1"]
[Date "2023.10.31"]
[WhiteClock "0:00:01"]
[BlackClock "0:00:30"]
[Board "156"]

1. d4 Nf6 2. c4 e6 3. g3 c5 4. d5 exd5 5. cxd5 d6 6. Nc3 g6 7. Bg2 Bg7 8. Nf3 O-O 9. O-O Re8 10. Re1 Bf5 11. Nd2 Na6 12. e4 Bg4 13. Qc2 Nb4 14. Qb1 Nfxd5 15. a3 Nxc3 16. bxc3 Nc6 17. Qxb7 Ne5 18. Qb5 c4 19. Bf1 Rc8 20. h3 Bd7 21. Qb1 Nd3 22. Bxd3 cxd3 23. Qxd3 Rxc3 24. Qxd6 Bxh3 25. Qxd8 Rxd8 26. Nf1 Rxg3+ 27. Nxg3 Bxa1 28. Bg5 f6 29. Rxa1 fxg5 30. Rb1 h5 31. e5 Re8 32. Rb7 Rxe5 33. Rxa7 h4 34. Nh1 Re1+ 35. Kh2 Bg4 36. Ra4 Bf3 37. Ng3 g4 38. Nh1 Rxh1# 0-1


[Site "https://www.chess.com"]

[Event "Titled Tuesday Blitz October 31 Early 2023"]
[White "Arslanov, Shamil"]
[Black "Cardozo Munar, Carlos Eduardo"]
[WhiteFideId "4192826"]
[BlackFideId "4409477"]
[WhiteElo "2619"]
[BlackElo "2281"]
[Result "1-0"]
[Round "3"]
[TimeControl "180+1"]
[Date "2023.10.31"]
[WhiteClock "0:00:45"]
[BlackClock "0:00:08"]
[Board "157"]

1. d4 d5 2. e4 dxe4 3. Nc3 Nf6 4. f3 exf3 5. Nxf3 g6 6. Bc4 Bg7 7. h4 O-O 8. h5 Nxh5 9. Rxh5 gxh5 10. Qd3 Nd7 11. Ng5 Nf6 12. Nd5 Re8 13. Be3 Be6 14. Nxf6+ exf6 15. Qxh7+ Kf8 16. Nxe6+ fxe6 17. O-O-O Qe7 18. Rf1 Qf7 19. Bd3 Ke7 20. d5 Rh8 21. Bc5+ Kd7 22. dxe6+ Qxe6 23. Qxg7+ Kc6 24. Rxf6 Qxf6 25. Qxf6+ Kxc5 26. b4+ Kxb4 27. Qd4+ Ka5 28. Qc5+ Ka4 29. Qb5+ Ka3 30. Qa5# 1-0


[Site "https://www.chess.com"]

[Event "Titled Tuesday Blitz October 31 Early 2023"]
[White "Nekoo04"]
[Black "Ezat, Mohamed"]
[BlackFideId "10600906"]
[WhiteElo "2272"]
[BlackElo "2589"]
[Result "1-0"]
[Round "3"]
[TimeControl "180+1"]
[Date "2023.10.31"]
[WhiteClock "0:01:33"]
[BlackClock "0:00:00"]
[Board "158"]

1. d4 Nf6 2. c4 g6 3. Nc3 Bg7 4. e4 d6 5. Nf3 O-O 6. Be2 e5 7. d5 a5 8. O-O Na6 9. Be3 Nc5 10. Nd2 Ne8 11. a3 Bd7 12. b4 axb4 13. axb4 Rxa1 14. Qxa1 Na6 15. Qa3 f5 16. f3 Qh4 17. c5 Bh6 18. Bf2 Qe7 19. Nb3 fxe4 20. Nxe4 Nf6 21. c6 Nxe4 22. fxe4 1-0


[Site "https://www.chess.com"]

[Event "Titled Tuesday Blitz October 31 Early 2023"]
[White "Malikova777"]
[Black "brm72"]
[WhiteElo "2271"]
[BlackElo "2571"]
[Result "0-1"]
[Round "3"]
[TimeControl "180+1"]
[Date "2023.10.31"]
[WhiteClock "0:01:07"]
[BlackClock "0:00:11"]
[Board "160"]

1. d4 Nf6 2. c4 e6 3. Nc3 Bb4 4. Qc2 O-O 5. e4 d5 6. e5 Ne4 7. Bd3 c5 8. Nf3 cxd4 9. Nxd4 Nd7 10. O-O Bxc3 11. bxc3 Nxe5 12. Bxe4 dxe4 13. Qxe4 Nxc4 14. Be3 Nxe3 15. Qxe3 a6 16. Rab1 Qc7 17. Rfd1 b5 18. a4 bxa4 19. Ra1 Bd7 20. Nf3 Bb5 21. Ne5 Rac8 22. Rdc1 f6 23. Nf3 e5 24. Nd2 Qf7 25. c4 Bxc4 26. Rxa4 Bb5 27. Raa1 h6 28. Ne4 Rxc1+ 29. Rxc1 Rd8 30. h3 Qd5 31. Ra1 Qd4 32. Qe1 Bc6 33. Ng3 Qd5 34. f3 Bb5 35. Kh1 g6 36. Ne4 Kg7 37. Nc3 Qc6 38. Ne4 h5 39. Rc1 Qe6 40. Qa5 Rd7 41. Nc5 Qd6 42. Nxd7 Bxd7 43. Qc7 Qd2 44. Ra1 Kh6 45. Rxa6 Bxh3 46. gxh3 Qe1+ 47. Kg2 Qe2+ 48. Kg3 Qxa6 49. Qf7 Kg5 50. Qd7 h4+ 51. Kf2 Qa2+ 52. Ke3 Qb3+ 53. Ke2 Qb2+ 54. Kf1 Qa1+ 55. Kf2 Qd4+ 56. Qxd4 exd4 57. Ke2 Kf4 58. Kd3 Kxf3 59. Kxd4 Kg3 60. Ke3 Kxh3 61. Kf3 Kh2 62. Kg4 g5 63. Kf3 f5 64. Kf2 Kh3 65. Kf1 Kg3 66. Kg1 h3 67. Kh1 f4 68. Kg1 g4 69. Kh1 f3 70. Kg1 f2+ 71. Kf1 h2 72. Ke2 h1=Q 73. Ke3 f1=Q 0-1


[Site "https://www.chess.com"]

[Event "Titled Tuesday Blitz October 31 Early 2023"]
[White "Sarkar, Justin"]
[Black "Omariev, Maksim"]
[WhiteFideId "2010011"]
[BlackFideId "4193423"]
[WhiteElo "2269"]
[BlackElo "2530"]
[Result "0-1"]
[Round "3"]
[TimeControl "180+1"]
[Date "2023.10.31"]
[WhiteClock "0:00:00"]
[BlackClock "0:00:06"]
[Board "161"]

1. d4 h5 2. c4 h4 3. Nc3 d6 4. e4 h3 5. Nxh3 Bxh3 6. gxh3 e5 7. dxe5 dxe5 8. Qxd8+ Kxd8 9. f4 Nd7 10. f5 c6 11. Bg5+ Ngf6 12. O-O-O Kc7 13. a3 Bc5 14. Bg2 Rad8 15. b4 Bd4 16. Ne2 c5 17. Nxd4 cxd4 18. c5 b6 19. cxb6+ Kxb6 20. Kb2 Rc8 21. Rc1 a5 22. bxa5+ Kxa5 23. Bd2+ Ka4 24. Bf3 Rb8+ 25. Bb4 Rhc8 26. Rhg1 Nh5 27. Bxh5 Nf6 28. Bxf7 Nxe4 29. Bb3+ Kb5 30. Rxc8 Rxc8 31. Rxg7 Nf2 32. f6 Ne4 33. f7 d3 34. Rg8 d2 35. Rxc8 d1=Q 36. Bxd1 Nf2 37. Be2+ Ka4 38. f8=Q Nd3+ 39. Kc3 e4 0-1


[Site "https://www.chess.com"]

[Event "Titled Tuesday Blitz October 31 Early 2023"]
[White "Ng, Gary"]
[Black "Czerw, Dawid"]
[WhiteFideId "2604914"]
[BlackFideId "1145746"]
[WhiteElo "2263"]
[BlackElo "2526"]
[Result "1-0"]
[Round "3"]
[TimeControl "180+1"]
[Date "2023.10.31"]
[WhiteClock "0:00:03"]
[BlackClock "0:00:00"]
[Board "162"]

1. d4 d5 2. Bf4 c5 3. e3 Nc6 4. Nf3 Bg4 5. c3 e6 6. Nbd2 Nf6 7. Qb3 Qb6 8. Ne5 Nxe5 9. Bxe5 Nd7 10. Bb5 O-O-O 11. Bg3 c4 12. Bxd7+ Rxd7 13. Qxb6 axb6 14. f3 Bh5 15. O-O b5 16. a3 f6 17. Rae1 Bg6 18. e4 Bd6 19. Bxd6 Rxd6 20. e5 fxe5 21. Rxe5 Rf8 22. Rfe1 Rf6 23. g3 Kd7 24. f4 h6 25. Nf3 Be4 26. Nd2 Bd3 27. h4 Ra6 28. Nf3 Be4 29. Nh2 b4 30. cxb4 c3 31. bxc3 Rxa3 32. Ng4 Rg6 33. R5xe4 Rxg4 34. R4e3 g5 35. hxg5 hxg5 36. fxg5 Rxg5 37. Kf2 Rf5+ 38. Kg2 Rf6 39. R1e2 Ra1 40. Rf2 Rh6 41. Rf7+ Kc6 42. Re7 Ra2+ 43. Kf3 Rf6+ 44. Kg4 Kd6 45. Rxb7 Ra8 46. Rg7 Rh8 47. Rg5 Rc8 48. Rge5 Rg8+ 49. Rg5 Rc8 50. Kh4 Rh8+ 51. Rh5 Rc8 52. g4 Rf4 53. Kg3 Rf1 54. Rh2 Rg1+ 55. Rg2 Rf1 56. g5 Rg8 57. Kg4 Rf5 58. Kh5 Ke7 59. Kh6 Kf7 60. g6+ Kf6 61. Kh7 Rg7+ 62. Kh6 Rf1 63. Rh3 Rf5 64. Rh5 Rf1 65. Rh4 Rf2 66. Rxf2+ 1-0


[Site "https://www.chess.com"]

[Event "Titled Tuesday Blitz October 31 Early 2023"]
[White "Kotlyar, Kirill"]
[Black "Hon, Eric"]
[WhiteFideId "24145599"]
[BlackFideId "2097117"]
[WhiteElo "2523"]
[BlackElo "2251"]
[Result "1-0"]
[Round "3"]
[TimeControl "180+1"]
[Date "2023.10.31"]
[WhiteClock "0:02:01"]
[BlackClock "0:00:16"]
[Board "163"]

1. e4 c5 2. Nf3 d6 3. d4 Nf6 4. Nc3 cxd4 5. Qxd4 Nc6 6. Bb5 Bd7 7. Bxc6 Bxc6 8. Bg5 e5 9. Qd3 Be7 10. O-O-O Rc8 11. Bxf6 gxf6 12. Nh4 Qa5 13. Nf5 Rd8 14. Qc4 Rg8 15. Nh6 Rg6 1-0


[Site "https://www.chess.com"]

[Event "Titled Tuesday Blitz October 31 Early 2023"]
[White "Camilla_Lee"]
[Black "De Souza, Cristiano Gomes"]
[BlackFideId "2151758"]
[WhiteElo "2504"]
[BlackElo "2246"]
[Result "1-0"]
[Round "3"]
[TimeControl "180+1"]
[Date "2023.10.31"]
[WhiteClock "0:00:05"]
[BlackClock "0:00:04"]
[Board "164"]

1. e4 c5 2. Nf3 d6 3. d4 cxd4 4. Nxd4 Nf6 5. Nc3 g6 6. Be3 Bg7 7. f3 O-O 8. Qd2 Nc6 9. Bc4 Bd7 10. Bb3 Rc8 11. h4 h5 12. O-O-O Ne5 13. Bh6 Qa5 14. Bxg7 Kxg7 15. Kb1 Nc4 16. Bxc4 Rxc4 17. Nb3 Qc7 18. Ne2 Rc8 19. c3 Be6 20. Nbd4 Qd7 21. Nxe6+ Qxe6 22. Nf4 Qe5 23. Nd5 Nxd5 24. Qxd5 R8c5 25. Qxe5+ Rxe5 26. Rd4 Rc7 27. Rhd1 f5 28. Rd5 Rxd5 29. Rxd5 Kf6 30. exf5 gxf5 31. Kc2 Ke6 32. Rd4 Rc5 33. Kd3 Rd5 34. Ke3 Rxd4 35. Kxd4 b5 36. c4 a6 37. cxb5 axb5 38. a3 Kd7 39. b3 Kc6 40. a4 bxa4 41. bxa4 e5+ 42. Kd3 d5 43. g4 fxg4 44. fxg4 hxg4 45. h5 e4+ 46. Ke2 d4 47. h6 d3+ 48. Ke3 g3 49. h7 g2 50. Kf2 d2 51. h8=Q g1=Q+ 52. Kxg1 d1=Q+ 53. Kh2 Qe2+ 54. Kg1 Qg4+ 55. Kf2 Qf3+ 56. Ke1 e3 57. Qa8+ 1-0


[Site "https://www.chess.com"]

[Event "Titled Tuesday Blitz October 31 Early 2023"]
[White "Shuvalov, Evgenij"]
[Black "Dodaro, Mattia"]
[WhiteFideId "4187237"]
[BlackFideId "28583400"]
[WhiteElo "2469"]
[BlackElo "2246"]
[Result "0-1"]
[Round "3"]
[TimeControl "180+1"]
[Date "2023.10.31"]
[WhiteClock "0:00:24"]
[BlackClock "0:00:15"]
[Board "165"]

1. e4 g6 2. d4 d6 3. Nc3 Nc6 4. Be3 Bg7 5. f4 Nf6 6. Be2 O-O 7. g4 e5 8. dxe5 dxe5 9. f5 gxf5 10. gxf5 Qe7 11. Nh3 Rd8 12. Bd3 Nd4 13. Nf2 b6 14. Rg1 Kh8 15. Rg3 Bb7 16. Qd2 Nxf5 17. exf5 e4 18. O-O-O exd3 19. Nxd3 Ne4 20. Nxe4 Bxe4 21. Rxg7 Kxg7 22. Rg1+ Kh8 23. Qc3+ f6 24. Bg5 Rd6 25. Re1 Qg7 26. Rxe4 fxg5 27. Ne5 Rf8 28. h4 Rdf6 29. hxg5 Rxf5 30. b3 Qxg5+ 31. Kb2 Qg7 32. Rg4 Qxe5 33. Rd4 c5 34. Rd3 Qxc3+ 35. Rxc3 Rf3 36. Rc4 R8f4 0-1


[Site "https://www.chess.com"]

[Event "Titled Tuesday Blitz October 31 Early 2023"]
[White "Akylbek2021"]
[Black "Rangel, Daniel"]
[BlackFideId "2124475"]
[WhiteElo "2244"]
[BlackElo "2461"]
[Result "0-1"]
[Round "3"]
[TimeControl "180+1"]
[Date "2023.10.31"]
[WhiteClock "0:00:01"]
[BlackClock "0:00:05"]
[Board "166"]

1. d4 Nf6 2. Nf3 e6 3. c4 d5 4. cxd5 exd5 5. Nc3 c6 6. Qc2 Bb4 7. Bg5 O-O 8. e3 Re8 9. Bd3 h6 10. Bh4 Nbd7 11. O-O Nf8 12. a3 Bd6 13. b4 Bg4 14. Nd2 Bh5 15. Bg3 Bg6 16. Rab1 Rc8 17. Rfc1 h5 18. Nf1 Bxd3 19. Qxd3 Ng6 20. a4 h4 21. Bxd6 Qxd6 22. h3 Re6 23. b5 Rce8 24. a5 Nh7 25. Qf5 Ne7 26. Qh5 Rh6 27. Qe5 Qg6 28. Ne2 Rh5 29. Nf4 Rxe5 30. Nxg6 Re6 31. Nf4 Rh6 32. a6 bxa6 33. bxa6 g5 34. Nd3 f5 35. Rb7 Nc8 36. Rcb1 g4 37. Nh2 gxh3 38. gxh3 Rg6+ 39. Kf1 Kh8 40. Nf3 Reg8 41. Ke2 Rh6 42. Rb8 Nf6 43. R1b7 Ne4 44. Nde5 Rh7 45. Ng6+ Rxg6 46. Rxc8+ Rg8 47. Rxg8+ Kxg8 48. Ne5 Nd6 49. Rxh7 Kxh7 50. Nxc6 Nb5 51. Kf3 Kg6 52. Kf4 Kf6 53. f3 Ke6 54. Nd8+ Kd7 55. Nf7 Ke7 56. Ne5 Nc7 57. Kxf5 Kd6 58. Kg4 Nxa6 59. Kxh4 Nb4 60. Kg5 a5 61. Nd3 Nxd3 62. h4 Ke6 63. Kg6 Ke7 64. Kg7 a4 65. h5 a3 66. h6 a2 67. h7 a1=Q 68. h8=Q Qg1+ 69. Kh7 Qh2+ 70. Kg7 Qg3+ 71. Kh6 Qh4+ 72. Kg7 Qf6+ 73. Kh7 Qf5+ 74. Kg7 Qf7+ 75. Kh6 Qe6+ 76. Kh7 Qxe3 77. Qg7+ Kd6 78. Qf6+ Qe6 79. Qd8+ Qd7+ 80. Qxd7+ Kxd7 81. Kg6 Ke6 82. Kg5 Nb4 83. f4 Nc6 84. f5+ Kd6 85. Kf6 Nxd4 86. Kg7 Ke5 87. f6 Ne6+ 88. Kg6 d4 89. f7 d3 0-1


[Site "https://www.chess.com"]

[Event "Titled Tuesday Blitz October 31 Early 2023"]
[White "Devaev, Alexander"]
[Black "Zivic, Dragan"]
[WhiteFideId "4169395"]
[BlackFideId "904740"]
[WhiteElo "2454"]
[BlackElo "2241"]
[Result "1-0"]
[Round "3"]
[TimeControl "180+1"]
[Date "2023.10.31"]
[WhiteClock "0:00:55"]
[BlackClock "0:01:22"]
[Board "167"]

1. Nf3 Nf6 2. d4 e6 3. c4 b6 4. a3 Bb7 5. Nc3 Be7 6. Qc2 d5 7. Bg5 O-O 8. Bxf6 Bxf6 9. cxd5 exd5 10. Rd1 Re8 11. g3 c5 12. Bg2 cxd4 13. Nxd4 Nd7 14. O-O Rc8 15. e3 Qe7 16. Bh3 a6 17. Nf5 Qc5 18. Nh6+ gxh6 19. Bxd7 Bxc3 20. Bxc8 Qxc8 21. Qxc3 Qh3 22. Rd4 1-0


[Site "https://www.chess.com"]

[Event "Titled Tuesday Blitz October 31 Early 2023"]
[White "Shishkov, Andrei"]
[Black "Ruge, Edison"]
[WhiteFideId "4500563"]
[BlackFideId "4401000"]
[WhiteElo "2454"]
[BlackElo "2239"]
[Result "0-1"]
[Round "3"]
[TimeControl "180+1"]
[Date "2023.10.31"]
[WhiteClock "0:00:08"]
[BlackClock "0:00:23"]
[Board "168"]

1. d4 d5 2. c4 e5 3. dxe5 d4 4. Nf3 Nc6 5. a3 Bg4 6. Nbd2 a5 7. h3 Bh5 8. g4 Bg6 9. Bg2 Bc5 10. b3 h5 11. g5 h4 12. Bb2 Nge7 13. O-O Nf5 14. Ne4 Ba7 15. c5 Qe7 16. Nxd4 Nxe5 17. f4 Ne3 18. Qc1 Nxg2 19. f5 Bh5 20. Kxg2 Rd8 21. f6 gxf6 22. Nxf6+ Kf8 23. b4 Bg6 24. Qf4 Nc4 25. Bc3 Ne3+ 26. Kg1 Nxf1 27. Rxf1 c6 28. Nf5 Bxf5 29. Qxf5 Bb8 30. Nh7+ Rxh7 31. Qxh7 Qe3+ 32. Rf2 Rd1+ 33. Kg2 Qg3# 0-1


[Site "https://www.chess.com"]

[Event "Titled Tuesday Blitz October 31 Early 2023"]
[White "Pinto, Daniel"]
[Black "Cueto, Jonny"]
[WhiteFideId "3303144"]
[BlackFideId "3300145"]
[WhiteElo "2453"]
[BlackElo "2239"]
[Result "1-0"]
[Round "3"]
[TimeControl "180+1"]
[Date "2023.10.31"]
[WhiteClock "0:00:03"]
[BlackClock "0:00:05"]
[Board "169"]

1. e4 e6 2. d4 d5 3. Nd2 Nc6 4. Ngf3 Nf6 5. e5 Nd7 6. c3 f6 7. exf6 Qxf6 8. Bd3 Bd6 9. Nf1 O-O 10. Bg5 Qf7 11. Be3 Qf6 12. Ng3 e5 13. dxe5 Ndxe5 14. Nxe5 Nxe5 15. Be2 Nc4 16. Bxc4 dxc4 17. Ne4 Qe7 18. Nxd6 cxd6 19. Qd4 Be6 20. O-O Bf7 21. Rfe1 Qd7 22. Rad1 Rad8 23. Bg5 Rde8 24. Be3 Qe6 25. Qxd6 Qxd6 26. Rxd6 h6 27. f3 b5 28. Kf2 a5 29. Red1 b4 30. Ra6 bxc3 31. bxc3 Rd8 32. Rxd8 Rxd8 33. Bd4 Re8 34. Rxa5 Bg6 35. Re5 Ra8 36. Re2 Bd3 37. Re7 Rxa2+ 38. Kg3 g5 39. Rg7+ Kf8 40. Rc7 Bf1 41. Bg7+ Kg8 42. f4 Rxg2+ 43. Kf3 g4+ 44. Ke4 Rxh2 45. Be5 Bd3+ 46. Kd5 g3 47. f5 Re2 48. Bxg3 Re3 49. Be5 Rf3 50. f6 Kf8 51. Bd4 Rf5+ 52. Ke6 Rf3 53. Rc8# 1-0


[Site "https://www.chess.com"]

[Event "Titled Tuesday Blitz October 31 Early 2023"]
[White "parintele_chess"]
[Black "Molina Carretero, Daniel"]
[BlackFideId "32071914"]
[WhiteElo "2236"]
[BlackElo "2442"]
[Result "1-0"]
[Round "3"]
[TimeControl "180+1"]
[Date "2023.10.31"]
[WhiteClock "0:00:44"]
[BlackClock "0:01:10"]
[Board "170"]

1. d4 Nf6 2. Bf4 d5 3. Nf3 c5 4. e3 Nc6 5. Nbd2 cxd4 6. exd4 Bf5 7. c3 e6 8. Qb3 Qc8 9. Ne5 Nxe5 10. Bxe5 Nd7 11. Bg3 Be7 12. Be2 O-O 13. O-O h6 14. Rfe1 a5 15. a4 Nb8 16. c4 Bb4 17. Red1 Bxd2 18. Rxd2 dxc4 19. Bxc4 Nc6 20. d5 exd5 21. Bxd5 Nb4 22. Bd6 Rd8 23. Bxf7+ Kh8 24. Bxb4 axb4 25. Rxd8+ Qxd8 26. Qxb4 Qf6 27. Qxb7 Rf8 28. Bd5 Bc8 29. Qa7 Qxb2 30. Rf1 Qd2 31. Qc5 Ba6 32. Qxf8+ Kh7 33. Be4+ 1-0


[Site "https://www.chess.com"]